 Dungeon Crawl Stone Soup version 0.26.1-2-gb8aa6d0cf2 (webtiles) character file.

Game seed: 9352949029671676800

938 Chiseanne the Skirmisher (level 7, 56/56 HPs)
             Began as a Demonspawn Wanderer on Mar 3, 2021.
             Was an Initiate of Gozag.
             Quit the game on level 5 of the Dungeon.
             The game lasted 00:10:30 (6088 turns).

Chiseanne the Skirmisher (Demonspawn Wanderer)      Turns: 6088, Time: 00:10:30

Health: 56/56      AC: 13    Str: 13    XL:     7   Next: 87%
Magic:  7/7        EV: 13    Int: 13    God:    Gozag
Gold:   451        SH:  0    Dex: 14    Spells: 6/6 levels left

rFire    + . .     SeeInvis .   a - +2 quarterstaff
rCold    . . .     Faith    .   (shield currently unavailable)
rNeg     . . .     Spirit   .   s - +2 ring mail {rF+}
rPois    .         Reflect  .   (helmet restricted)
rElec    .         Harm     .   (no cloak)
rCorr    .         Rampage  .   v - +0 pair of gloves
Will     .....                  (no boots)
Stlth    +.........             (no amulet)
HPRegen  0.18/turn              (no ring)
MPRegen  0.10/turn              (no ring)

@: no status effects
A: horns 1, iridescent scales 2, powered by death 1
a: Renounce Religion, Potion Petition, Call Merchant, Bribe Branch


You were on level 5 of the Dungeon.
You worshipped Gozag.
Gozag was aware of your devotion.
You visited 1 branch of the dungeon, and saw 5 of its levels.

You collected 638 gold pieces.
You spent 180 gold pieces at shops.
You paid 7 gold pieces to Gozag.

Inventory:

Hand Weapons
 a - a +2 quarterstaff (weapon)
 b - a +0 short sword
 d - a +0 flail of venom
 e - a +0 dagger
 o - a +2 vorpal hand axe
Missiles
 j - 84 arrows
 l - 13 sling bullets
 p - 153 stones (quivered)
 q - 19 poisoned darts
 w - 24 bolts
Armour
 n - +0 acid dragon scales
 s - a +2 ring mail of fire resistance (worn)
 v - a +0 pair of gloves (worn)
Wands
 r - a wand of polymorph (7)
Scrolls
 f - 3 scrolls of teleportation
 i - a scroll of fog
 k - a scroll of fear
 m - 3 scrolls of remove curse
 t - a scroll of blinking
 u - 2 scrolls of identify
Potions
 c - 3 potions of curing
 g - a potion of resistance
 h - 2 potions of heal wounds


   Skills:
 * Level 5.6 Fighting
 - Level 1.7 Staves
 * Level 4.2 Armour
 * Level 5.6 Dodging
 - Level 1.7 Stealth
 - Level 1.0 Evocations


You had 6 spell levels left.
You didn't know any spells.
Your spell library contained the following spells:

 Spells                   Type           Power        Failure   Level
 Static Discharge         Conj/Air       0%           88%         3
 Alistair's Intoxication  Tmut/Pois      0%           100%        5
 Fireball                 Conj/Fire      0%           100%        5
 Orb of Destruction       Conj           0%           100%        7


Dungeon Overview and Level Annotations

Branches:
Dungeon (5/15)             Temple (0/1) D:4

Altars:
Elyvilon
Gozag
Makhleb
Yredelemnul
Zin

Shops:
D:2 *   D:5 :([*


Innate Abilities, Weirdness & Mutations

You have a pair of small horns on your head.
You are mostly covered in iridescent scales. (AC +4)
You regenerate a little health from kills.


Message History

No target in view!
No target in view!
No target in view!
No target in view!
No target in view!
No target in view!
No target in view!
No target in view!
No target in view!
No target in view!
No target in view!
No target in view!
No target in view!
No target in view!
You now have 439 gold pieces (gained 7).
You see here a +0 whip.
You now have 451 gold pieces (gained 12).
You see here a +0 scale mail.
There is an entrance to Voxt's Assorted Antiques here.
Are you sure you want to abandon this character and quit the game? (Confirm with "yes".)

####### ###.....#
#.....#.# ##### #.PPP.#.#
#####...# #.P@P...#
....#...# #.PP..[)#
....#...# #.....#.#
........##########.#[#####
....#..###.........#.....#
...###.# #.#########.###.#
##.###.###.#########.#
....................>#
.#.........#.#######.#


There were no monsters in sight!

Vanquished Creatures
  A phantom (D:4)
  A boggart (D:5)
  An ogre (D:5)
  A howler monkey (D:4)
  A hound (D:4)
  3 orc priests
  A bullfrog skeleton (D:4)
  An orc wizard (D:3)
  A gnoll shaman (D:4)
  Terence (D:2)
  Natasha (thrice) (D:2)
  3 hound skeletons
  Robin (D:2)
  5 gnolls (D:4)
  7 adders
  3 oozes
  An ufetubus (D:5)
  An adder zombie (D:3)
  2 adder skeletons (D:4)
  3 worms
  3 dart slugs
  5 leopard geckos
  14 orcs
  14 bats
  4 giant cockroaches
  18 goblins
  9 hobgoblins
  11 jackals
  2 kobolds (D:1)
  5 quokkas
  4 ball pythons
  6 frilled lizards
  A jackal zombie (D:5)
  3 rats
140 creatures vanquished.

Notes
Turn   | Place    | Note
-------+----------+-------------------------------------------
     0 | D:1      | Chiseanne the Demonspawn Wanderer began the quest for the
                  | Orb.
     0 | D:1      | Chiseanne set off with the following items: a +2
                  | quarterstaff, a +0 short sword, a potion of curing, a +0
                  | robe, a +0 dagger
     0 | D:1      | Reached XP level 1. HP: 16/16 MP: 1/1
   523 | D:1      | Gained mutation: You regenerate a little health from kills.
                  | [demonic ancestry]
   523 | D:1      | Reached XP level 2. HP: 22/23 MP: 2/2
  1175 | D:1      | Reached XP level 3. HP: 24/28 MP: 3/3
  1805 | D:2      | Noticed Natasha
  1814 | D:2      | Killed Natasha
  1821 | D:2      | Reached XP level 4. HP: 22/35 MP: 4/4
  1960 | D:2      | Reached skill level 1 in Armour
  2043 | D:2      | Noticed Terence
  2055 | D:2      | Killed Terence
  2477 | D:2      | Noticed Robin
  2504 | D:2      | Gained mutation: You are partially covered in iridescent
                  | scales. (AC +2) [demonic ancestry]
  2504 | D:2      | Reached XP level 5. HP: 30/41 MP: 5/5
  2512 | D:2      | Killed Robin
  2623 | D:2      | Found an opulent altar of Gozag.
  2625 | D:2      | Found Gozag's Platinum Reserve.
  2635 | D:2      | Became a worshipper of Gozag Ym Sagoz the Greedy
  2736 | D:2      | Found a glowing silver altar of Zin.
  2822 | D:2      | Noticed Natasha
  2829 | D:2      | Killed Natasha
  2884 | D:2      | Noticed Natasha
  2893 | D:2      | Killed Natasha
  3372 | D:3      | Found a white marble altar of Elyvilon.
  3419 | D:3      | Gained mutation: You have a pair of small horns on your
                  | head. [demonic ancestry]
  3419 | D:3      | Reached XP level 6. HP: 47/48 MP: 6/6
  3980 | D:3      | Found a basalt altar of Yredelemnul.
  4595 | D:4      | Found a staircase to the Ecumenical Temple.
  4799 | D:4      | Gained mutation: You are mostly covered in iridescent
                  | scales. (AC +4) [demonic ancestry]
  4799 | D:4      | Reached XP level 7. HP: 44/55 MP: 7/7
  4930 | D:4      | Reached skill level 5 in Dodging
  4939 | D:4      | Reached skill level 5 in Fighting
  5143 | D:5      | Entered Level 5 of the Dungeon
  5164 | D:5      | Noticed Edmund
  5493 | D:5      | Noticed Edmund
  5493 | D:5      | Edmund changed into Edmund the boggart
  5495 | D:5      | Killed Edmund the boggart
  5525 | D:5      | Identified the Grimoire of Shifting Conjuration
  5528 | D:5      | Found Padeho's Book Boutique.
  5544 | D:5      | Found a burning altar of Makhleb.
  5764 | D:5      | Found Seogur's Armour Shoppe.
  5830 | D:5      | Found Cafask's Antique Weapon Shoppe.
  5842 | D:5      | Bought a jewelled quarterstaff for 180 gold pieces
  5844 | D:5      | Identified the cursed +1 quarterstaff "Hydrabane" {flame,
                  | *Rage +Fly Int+2} (You bought it in a shop on level 5 of
                  | the Dungeon)
  6029 | D:5      | Found Voxt's Assorted Antiques.
  6088 | D:5      | Quit the game

Illustrated notes

Levels and vault maps discovered:
D:1:      dpeg_arrival_rooms_c, layout_basic, hangedman_decor_lopped,
          bh_walls_and_bars
D:2:      layout_loops_ring, zin_scriptorium, nicolae_gozag_zags_fifth_avenue,
          chequers_serial_rivers_small_3, uniq_terence, uniq_robin, uniq_natasha
D:3:      layout_basic, kennysheep_ying_yang
D:4:      layout_basic, temple_green
D:5:      layout_basic, serial_shops, shop, shop, nicolae_shop_stone,
          nicolae_shop_overgrown_old_shop, bloody_makhleb, uniq_edmund

Skill      XL: |  1  2  3  4  5  6  7 |
---------------+----------------------+-----
Dodging        | 3 4 5 |  5.6
Fighting       | 3 4 5 |  5.6
Armour         | 1 2 3 4 |  4.2
Staves         | |  1.7
Stealth        | |  1.7
Evocations     | |  1.0

Action                   |  1- 3 |  4- 6 |  7- 9 || total
-------------------------+-------+-------+-------++-------
Melee: Quarterstaff      |    85 |   253 |    72 ||   410
       Unarmed           |       |     7 |       ||     7
       Headbutt          |       |    18 |    10 ||    28
Throw: Stone             |       |       |    20 ||    20
Evoke: Wand              |       |       |     2 ||     2
  Use: Scroll            |       |    13 |     2 ||    15
       Potion            |       |       |     4 ||     4
 Stab: Sleeping          |     1 |     3 |       ||     4
       Confused          |       |     2 |       ||     2
Armor: Robe              |     9 |       |       ||     9
       Chain mail        |     7 |    20 |       ||    27
       Ring mail         |       |    92 |    34 ||   126
Dodge: Dodged            |    64 |   198 |    71 ||   333
